 Dungeon Crawl Stone Soup version 0.27-a0-46-g34d46f0a3f (webtiles) character file.

Game seed: 9431778110482430798

189 Borgoz the Skirmisher (level 5, 0/45 HPs)
             Began as a Ghoul Warper on Jan 7, 2021.
             Slain by an ogre
             ... wielding a +0 giant club
              (14 damage)
             ... on level 3 of the Dungeon.
             The game lasted 00:03:47 (4289 turns).

Borgoz the Skirmisher (Ghoul Warper)                Turns: 4289, Time: 00:03:47

Health: 0/45       AC:  3    Str: 15    XL:     5   Next: 68%
Magic:  6/6        EV: 12    Int:  8    God:
Gold:   135        SH:  0    Dex:  9    Spells: 7/7 levels left

rFire    . . .     SeeInvis .     - Unarmed
rCold    + . .     Faith    .   (no shield)
rNeg     + + +     Spirit   .   a - +0 leather armour
rPois    ∞         Reflect  .   (no helmet)
rElec    .         Harm     .   (no cloak)
rCorr    .         Rampage  .   (no gloves)
Will     .....                  (no boots)
Stlth    +.........             (no amulet)
HPRegen  0.00/turn              (no ring)
MPRegen  0.10/turn              (no ring)

@: no status effects
A: claws 1, cold resistance 1, negative energy resistance 3, inhibited
regeneration, torment resistance, unbreathing
a: no special abilities


You were on level 3 of the Dungeon.
You visited 1 branch of the dungeon, and saw 4 of its levels.

You collected 135 gold pieces.

Inventory:

Missiles
 d - 4 boomerangs of dispersal
 k - a throwing net (quivered)
Armour
 a - a +0 leather armour (worn)
Wands
 m - a wand of iceblast (5)
Scrolls
 b - 2 scrolls of enchant weapon {unknown}
 c - a scroll of blinking
 e - 2 scrolls of immolation {unknown}
 g - 2 scrolls of remove curse
 i - a scroll of enchant armour
 l - a scroll of teleportation
 o - a scroll of fear
Potions
 h - a potion of cancellation


   Skills:
 + Level 3.2 Fighting
 - Level 0.8 Throwing
 * Level 2.8 Armour
 * Level 3.2 Dodging
 + Level 3.2 Unarmed Combat
 - Level 1.7 Spellcasting
 - Level 2.6 Translocations


You had 7 spell levels left.
You didn't know any spells.
Your spell library contained the following spells:

 Spells                   Type           Power        Failure   Level
 Blink                    Tloc           N/A          22%         2
 Gell's Gravitas          Tloc           2%           41%         3
 Lesser Beckoning         Tloc           2%           41%         3
 Teleport Other           Tloc           5%           41%         3
 Passage of Golubria      Tloc           N/A          83%         4


Dungeon Overview and Level Annotations

Branches:
Dungeon (4/15)
 Temple: D:4-7

Altars:
Fedhas


Innate Abilities, Weirdness & Mutations

You thrive by killing the living.
You are immune to poison.
You have sharp fingernails.
Your flesh is cold resistant. (rC+)
You are immune to negative energy. (rN+++)
You do not regenerate when monsters are visible.
You are immune to unholy pain and torment.
You can survive without breathing.


Message History

The worker ant is moderately wounded.
The worker ant bites you.
The frilled lizard bites you but does no damage.
The worker ant closely misses you.
You scratch the worker ant but do no damage.
The worker ant is moderately wounded.
The ogre barely misses you. The frilled lizard bites you.
The worker ant barely misses you.
You scratch the worker ant.
The worker ant is heavily wounded.
The frilled lizard completely misses you.
The ogre hits you with a +0 giant club! The worker ant bites you.
The frilled lizard closely misses you. The worker ant closely misses you.
There is a stone staircase leading up here.
The frilled lizard misses you. The worker ant bites you.
You climb upwards.
There is a stone staircase leading down here.
The ogre hits you with a +0 giant club!
You die...

#.# #.##...###.#.#.#####.#.#
#.# #......#.#...........#.#
#.# #......#...#.#.#..##.#.#
#.# #......#.#.#.#.#..##.#.#
#.# #......#.#.#.#.#..##.#.#
#.# #......#.#.#.#....##.#.#
#.###.##..............##.#.#
...............#.###..##.#.#
.............###@###..##.#.#
...............B>O.#..##.#.#
#########....#.#l###..##.#.#
.............#.#.# #..##.#.#
#########.#..#.#.# #..##.#.#
.............#.#.# #..##.#.#
#########.#.##.#.# #.......#
........#.#.##.#.# #...#...#
#######.#......#.# #...###.#


You could see an ogre, a worker ant and a frilled lizard.

Vanquished Creatures
  Jessica (D:2)
  4 gnolls
  3 adders
  An ooze (D:1)
  3 worms
  2 dart slugs (D:3)
  3 leopard geckos
  2 orcs (D:3)
  A giant cockroach (D:3)
  7 hobgoblins
  9 jackals
  2 quokkas (D:2)
  10 bats
  5 frilled lizards
  9 goblins
  8 kobolds
  11 rats
81 creatures vanquished.

Notes
Turn   | Place    | Note
-------+----------+-------------------------------------------
     0 | D:1      | Borgoz the Ghoul Warper began the quest for the Orb.
     0 | D:1      | Reached XP level 1. HP: 17/17 MP: 2/2
     0 | D:1      | Noticed a tentacled monstrosity
     0 | D:1      | Noticed an ice dragon
     3 | D:1      | Noticed an iron dragon
     6 | D:1      | Noticed a shadow dragon
     8 | D:1      | Noticed an orb of fire
    10 | D:1      | Noticed a large abomination
    14 | D:1      | Noticed a green draconian
    14 | D:1      | Noticed a tentacled monstrosity
    16 | D:1      | Noticed a large abomination
    16 | D:1      | Noticed an ice dragon
    18 | D:1      | Noticed an ice dragon
    18 | D:1      | Noticed a large abomination
    20 | D:1      | Noticed a tentacled monstrosity
    36 | D:1      | Reached skill level 1 in Armour
   347 | D:1      | Reached XP level 2. HP: 17/25 MP: 3/3
  1039 | D:1      | Reached XP level 3. HP: 24/30 MP: 4/4
  1201 | D:2      | Noticed Jessica
  1207 | D:2      | Killed Jessica
  1214 | D:2      | Reached XP level 4. HP: 37/37 MP: 5/5
  2740 | D:2      | Reached XP level 5. HP: 23/45 MP: 6/6
  3710 | D:3      | Found a blossoming altar of Fedhas.
  4276 | D:4      | Noticed an ogre
  4289 | D:3      | Slain by an ogre

Illustrated notes

Levels and vault maps discovered:
D:1:      shiori_arrival_whats_in_store_for_you, layout_rooms,
          minmay_strange_pillars
D:2:      layout_loops_corners, minivault_27, grunt_decor_mini_mirrors,
          uniq_jessica
D:3:      layout_basic, fedhas_altar_fruit_tree
D:4:      layout_rooms, led_sif_book

Skill      XL: |  1  2  3  4  5 |
---------------+----------------+-----
Armour         | 1 2 |  2.8
Dodging        | 2 3 |  3.2
Fighting       | 3 |  3.2
Unarmed Combat | 3 |  3.2
Throwing       | |  0.8
Spellcasting   | |  1.7
Translocations | |  2.6

Action                   |  1- 3 |  4- 6 || total
-------------------------+-------+-------++-------
Melee: Unarmed           |    97 |   236 ||   333
       Punch             |       |     1 ||     1
Throw: Boomerang         |       |     1 ||     1
  Use: Scroll            |       |     6 ||     6
Armor: Leather armour    |    28 |    35 ||    63
Dodge: Dodged            |    61 |   143 ||   204

Table legend: (Time is in decaauts)
 A = Elapsed time spent in this place.
 B = Non-inter-level travel time spent in this place.
 C = Inter-level travel time spent in this place.
 D = Time resting spent in this place.
 E = Time spent auto-exploring this place.
 F = Levels seen in this place.
 G = Mean time per level.
                   A        B        C        D        E       F      G
               +--------+--------+--------+--------+--------+-----+--------+
         Total |   4273 |   4165 |    108 |   1015 |   2528 |   4 | 1068.2 |
       Dungeon |   4273 |   4165 |    108 |   1015 |   2528 |   4 | 1068.2 |
               +--------+--------+--------+--------+--------+-----+--------+

Top non-repeatable levels by time:
     D:2: 1584 daAuts
     D:3: 1465 daAuts
     D:1: 1197 daAuts
     D:4: 26 daAuts
